 Dungeon Crawl Stone Soup version 0.30.0-30-g96aa6591b8 (webtiles) character file.

Game seed: 12094426187911785472

1294 cheesebisquit the Magician (level 8, 0/60 HPs)
             Began as a Djinni Necromancer on June 26, 2023.
             Was a Believer of Makhleb.
             Slain by an orc warrior
             ... wielding a +0 short sword
              (11 damage)
             ... on level 6 of the Dungeon.
             The game lasted 00:17:02 (4437 turns).

cheesebisquit the Magician (Djinni Necromancer)     Turns: 4437, Time: 00:17:02

Health: 0/60       AC: -2    Str:  7    XL:     8   Next: 86%
Gold:   222        EV: 12    Int: 19    God:    Makhleb [**....] SH:  0 Dex: 14

rFire   + + .        t - +2 dagger (venom)
rCold   x . .        (no shield)
rNeg    . . .        a - +0 robe
rPois   ∞            (no helmet)
rElec   .            (no cloak)
rCorr   .            (no gloves)
SInv    .            (boots unavailable)
Will    .....        r - amulet of regeneration
Stlth   ++           (no ring)
HPRegen 1.10/turn    (no ring)
MPRegen 0.00/turn

%: infuse magic (-1 HP)
@: corroded, animating dead, flying, very slightly contaminated
A: sickness immunity, fire resistance 2, cold vulnerability 1, float, innate
caster, HP casting, extra vitality 1
a: Renounce Religion, Minor Destruction


You were on level 6 of the Dungeon.
You worshipped Makhleb.
Makhleb was pleased with you.
You visited 1 branch of the dungeon, and saw 6 of its levels.

You collected 222 gold pieces.

Inventory:

Hand Weapons
 t - a +2 dagger of venom (weapon)
Missiles
 k - a throwing net
 v - 2 boomerangs of dispersal
Armour
 a - a +0 robe (worn)
Jewellery
 l - an amulet of reflection
 r - an amulet of regeneration (around neck)
Wands
 s - a wand of flame (20)
Scrolls
 b - 5 scrolls of identify {unknown}
 e - a scroll of blinking {unknown}
 f - a scroll of teleportation {unknown}
 g - a scroll of brand weapon {unknown}
 h - a scroll of poison {unknown}
 j - a scroll of enchant armour {unknown}
 m - a scroll of silence {unknown}
 n - a scroll of magic mapping {unknown}
Potions
 c - a potion of flight {unknown}
 i - a potion of cancellation {unknown}
 o - a potion of might {unknown}
 p - a potion of magic {unknown}
 q - 3 potions of lignification {unknown}
 u - a potion of brilliance {unknown}
 w - a potion of resistance {unknown}


   Skills:
 + Level 5.6 Fighting
 - Level 2.1 Dodging
 - Level 1.5 Stealth
 * Level 7.2 Spellcasting


You knew the following spells:

 Your Spells              Type           Power      Damage    Failure   Level
a - Necrotise             Necr           100%       1d9       1%          1
b - Vampiric Draining     Necr           34%        2d8       1%          3
c - Animate Dead          Necr           34%        N/A       4%          4
d - Agony                 Necr           34%        N/A       14%         5
e - Summon Small Mammal   Summ           100%       N/A       1%          1
f - Passwall              Tmut/Erth      28%        N/A       1%          2
g - Summon Guardian Gole  Hex/Summ       34%        N/A       1%          3
Your spell library was empty.

Dungeon Overview and Level Annotations

Branches:
Dungeon (6/15)
 Temple: D:4-7

Altars:
Elyvilon
Fedhas
Hepliaklqana
Makhleb
Nemelex Xobeh
Wu Jian
Yredelemnul


Innate Abilities, Weirdness & Mutations

You are immune to sickness and miasma.
You are immune to poison.
Your flesh is very heat resistant. (rF++)
You are vulnerable to cold. (rC-)
You float through the air rather than walking.
You learn spells naturally, not from books.
Your magical power is your life essence.
You have superior vitality. (+4 MHP)


Message History

The ufetubus hits you.
* * * LOW HITPOINT WARNING * * *
The ufetubus barely misses you.
Your jelly zombie hits the orc priest but does no damage.
You feel better.
Your ogre zombie barely misses the orc warrior.
Your adder zombie misses the ufetubus.
The ufetubus hits you.
* * * LOW HITPOINT WARNING * * *
The ufetubus hits you.
* * * LOW HITPOINT WARNING * * *
The orc priest closely misses you. The orc warrior closely misses you.
You feel better. The ufetubus misses you. The ufetubus barely misses you.
Your adder zombie bites the ufetubus.
Your jelly zombie hits the orc priest.
Your orc zombie hits the orc priest.
The orc priest barely misses you. The ufetubus hits you. x2
The orc priest hits your orc zombie with a +0 flail!
Your orc zombie is destroyed!
The orc warrior hits you with a +0 short sword.
* * * LOW HITPOINT WARNING * * *
Casting: Vampiric Draining (safe; 1% risk of failure)
Confirm with . or Enter, or press ? or * to list all spells.
Aiming: Vampiric Draining (safe; 1% risk of failure)
Press: ? - help, Shift-Dir - straight line, f/p - orc priest
Aim: an orc priest, wielding a +0 club (severely wounded, ally target)
You draw life force from the orc priest!
You kill the orc priest!
Makhleb accepts your kill.
You can now harness Makhleb's destructive might.
You feel life coursing into your body.
* * * LOW HITPOINT WARNING * * *
The dead are walking!
Your adder zombie closely misses the ufetubus.
Your ogre zombie misses the orc warrior.
The ufetubus hits you.
* * * LOW HITPOINT WARNING * * *
The ufetubus hits you.
* * * LOW HITPOINT WARNING * * *
Your jelly zombie misses the orc warrior.
The orc warrior hits you with a +0 short sword!
You die...

#... #..|
#=..#### #
#.....(# ..
#......# .#
#.....# ..#
#...Z.##⌠.⌠##
#..Z@)Z.._!..
#...5oo.⌠.⌠..
#####.Z...>..
#)....?..
.......!.
.........
....######
....# ####.#


You could see an orc warrior (ally target), an orc priest, an ufetubus (ally
target), a friendly adder zombie, a friendly jelly zombie, a friendly orc priest
zombie and a friendly ogre zombie.

Vanquished Creatures
  A water moccasin (D:5)
  A black bear (D:4)
  2 ogres
  2 scorpions
  A sleepcap (D:5)
  2 hounds (D:5)
  A jelly (D:6)
  An orc priest (D:6)
  5 iguanas
  Jessica (D:3)
  Terence (D:3)
  8 adders
  2 gnolls
  2 worms (D:2)
  A dart slug (D:3)
  13 orcs
  12 endoplasms
  4 giant cockroaches (D:4)
  12 goblins
  7 hobgoblins
  4 quokkas
  2 ball pythons (D:1)
  8 bats
  A frilled lizard (D:2)
  4 kobolds
  8 rats
106 creatures vanquished.

Vanquished Creatures (collateral kills)
  A phantom (D:5)
  2 gnolls (D:5)
  A dart slug (D:2)
  2 orcs (D:6)
  A goblin (D:1)
  A ball python (D:1)
8 creatures vanquished.

Vanquished Creatures (others)
  4 wights (D:4)
  A gnoll (D:5)
  An adder zombie (D:6)
  A gnoll zombie (D:5)
  2 orc zombies (D:6)
9 creatures vanquished.

Grand Total: 123 creatures vanquished

Notes
Turn   | Place    | Note
-------+----------+-------------------------------------------
     0 | D:1      | cheesebisquit the Djinni Necromancer began the quest for
                  | the Orb.
     0 | D:1      | cheesebisquit set off with the following spells memorised:
                  | Necrotise, Vampiric Draining, Animate Dead, Agony.
     0 | D:1      | Reached XP level 1. HP: 15/15 MP: 0/0
   283 | D:1      | Reached XP level 2. HP: 13/22 MP: 0/0
   561 | D:1      | Reached skill level 1 in Fighting
   663 | D:1      | Reached XP level 3. HP: 24/27 MP: 0/0
   663 | D:1      | Learned a level 1 spell: Summon Small Mammal
  1033 | D:2      | Reached skill level 4 in Spellcasting
  1033 | D:2      | Reached XP level 4. HP: 29/33 MP: 0/0
  1634 | D:2      | Reached XP level 5. HP: 37/38 MP: 0/0
  1634 | D:2      | Learned a level 2 spell: Passwall
  1885 | D:3      | Found a basalt altar of Yredelemnul.
  2017 | D:3      | Noticed Jessica
  2020 | D:3      | Killed Jessica
  2028 | D:3      | Found a burning altar of Makhleb.
  2034 | D:3      | Became a worshipper of Makhleb the Destroyer
  2073 | D:3      | Noticed Terence
  2080 | D:3      | Killed Terence
  2438 | D:3      | Found a blossoming altar of Fedhas.
  2516 | D:4      | Noticed a black bear
  2522 | D:4      | Killed a black bear
  2523 | D:4      | Reached skill level 5 in Spellcasting
  2523 | D:4      | Reached XP level 6. HP: 43/46 MP: 0/0
  2618 | D:4      | Noticed an ogre
  2624 | D:4      | Killed an ogre
  2675 | D:4      | Found a white marble altar of Elyvilon.
  2761 | D:4      | Reached XP level 7. HP: 51/51 MP: 0/0
  2761 | D:4      | Learned a level 3 spell: Summon Guardian Golem
  3121 | D:4      | Reached skill level 6 in Spellcasting
  3312 | D:5      | Entered Level 5 of the Dungeon
  3321 | D:5      | Reached * piety under Makhleb
  3353 | D:5      | Reached XP level 8. HP: 53/58 MP: 0/0
  3432 | D:5      | Reached skill level 5 in Fighting
  3637 | D:5      | Found a hazy altar of Hepliaklqana.
  3879 | D:5      | Found an ornate altar of the Wu Jian Council.
  4188 | D:5      | Reached skill level 7 in Spellcasting
  4420 | D:6      | Found a sparkling altar of Nemelex Xobeh.
  4437 | D:6      | Reached ** piety under Makhleb
  4437 | D:6      | Slain by an orc warrior

Illustrated notes

Levels and vault maps discovered:
D:1:      mrwooster_arrival_arrow, layout_basic, nrook_campfire,
          chequers_mini_garden, minmay_pentomino_x2
D:2:      layout_loops_ring, grunt_ministairs_12
D:3:      layout_loops_ring, mainiacjoe_overflow_alcove_4,
          mainiacjoe_overflow_brackets,
          mainiacjoe_overflow_concentric_impassable, uniq_jessica, uniq_terence
D:4:      layout_cave_pods, lemuel_round_altar
D:5:      layout_loops_corners, nicolae_wu_jian_wuxing_cycle,
          worldfamousw_hep_ancestral_shrine, minmay_misc_feat_plants,
          grunt_ministairs_6
D:6:      layout_basic, amcnicky_altar_gilded,
          nemelex_xobeh_ov_fountains_minmay, tso_metal_star

Skill      XL: |  1  2  3  4  5  6  7  8 |
---------------+-------------------------+-----
Fighting       | 1 2 3 4 5 |  5.6
Spellcasting   | 4 5 6 7 |  7.2
Dodging        | |  2.1
Stealth        | |  1.5

Action                     |  1- 3 |  4- 6 |  7- 9 || total
---------------------------+-------+-------+-------++-------
  Melee: Spear             |       |     1 |       ||     1
         Dagger            |       |       |     6 ||     6
   Cast: Necrotise         |    66 |    77 |    17 ||   160
         Summon Small Mamm |     4 |       |    15 ||    19
         Vampiric Draining |       |     9 |    56 ||    65
         Summon Guardian G |       |       |     6 ||     6
         Animate Dead      |       |       |     2 ||     2
    Use: Potion            |       |       |     4 ||     4
 Armour: Robe              |     5 |     2 |     9 ||    16
  Dodge: Dodged            |    17 |     9 |    84 ||   110
